 Dungeon Crawl Stone Soup version 0.27.0-1-g7a089689b8 (webtiles) character file.

Game seed: 18242251076872520471

7 rjrrt the Sneak (level 1, 0/10 HPs)
             Began as a Spriggan Brigand on Aug 11, 2021.
             Was a Follower of Uskayaw.
             Slain by an ufetubus (3 damage)
             ... on level 3 of the Dungeon.
             The game lasted 00:01:51 (305 turns).

rjrrt the Sneak (Spriggan Brigand)                   Turns: 305, Time: 00:01:51

Health: 0/10       AC:  3    Str:  7    XL:     1   Next: 91%
Magic:  2/2        EV: 16    Int: 12    God:    Uskayaw [*.....]
Gold:   6          SH:  0    Dex: 16    Spells: 0/0 levels left

rFire    . . .     SeeInvis +   a - +2 dagger
rCold    . . .     Faith    .   (shield restricted)
rNeg     . . .     Spirit   .   b - +0 robe
rPois    .         Reflect  .   (helmet restricted)
rElec    .         Harm     .   c - +0 cloak
rCorr    .         Rampage  .   (gloves unavailable)
Will     .....                  (boots unavailable)
Stlth    +++.......             (no amulet)
HPRegen  0.03/turn              (no ring)
MPRegen  0.08/turn              (no ring)

@: very quick
A: very small, no large weapons, unfitting armour, see invisible, speed 3
a: Renounce Religion, Stomp


You were on level 3 of the Dungeon.
You worshipped Uskayaw.
Uskayaw was noncommittal.
You visited 1 branch of the dungeon, and saw 3 of its levels.

You collected 6 gold pieces.

Inventory:

Hand Weapons
 a - a +2 dagger (weapon)
Missiles
 d - 8 poisoned darts (quivered)
 e - 2 curare-tipped darts
Armour
 b - a +0 robe (worn)
 c - a +0 cloak (worn)
Scrolls
 f - a scroll of identify {unknown}
 i - a scroll of blinking {unknown}
Potions
 g - 2 potions of curing {unknown}
 h - a potion of heal wounds {unknown}


   Skills:
 + Level 1.5 Fighting
 + Level 2.1 Short Blades
 + Level 2.1 Throwing
 + Level 1.7 Dodging
 + Level 6.3 Stealth


You couldn't memorise any spells.
You didn't know any spells.
Your spell library was empty.

Dungeon Overview and Level Annotations

Branches:
Dungeon (3/15)

Altars:
Uskayaw


Innate Abilities, Weirdness & Mutations

You are very small and have problems with some larger weapons.
You are too small for most types of armour.
You have supernaturally acute eyesight. (SInv)
You cover ground extremely quickly. (Speed+++)


Message History

g - 2 grey potions (gained 1)
A giant cockroach comes into view.
Found 15 stones.
The helpless giant cockroach fails to defend itself.
You stick the giant cockroach like a pincushion!!!
You kill the giant cockroach!
You see here a giant cockroach corpse.
You see here 15 stones.
Found 15 arrows.
A kobold comes into view.
It is wielding a +0 club and quivering poisoned darts.
An ufetubus comes into view.
The kobold shouts!
The ufetubus shouts!
Found 21 arrows.
You miss the ufetubus. The ufetubus closely misses you.
The ufetubus barely misses you.
You miss the ufetubus. The ufetubus hits you.
* * * LOW HITPOINT WARNING * * *
The ufetubus misses you.
You hit the ufetubus.
The ufetubus is lightly wounded.
The ufetubus hits you but does no damage.
The ufetubus misses you.
The ufetubus hits you but does no damage.
The ufetubus completely misses you.
You miss the ufetubus.
The ufetubus is lightly wounded.
The ufetubus closely misses you. The ufetubus barely misses you.
Unknown command.
You hit the ufetubus.
The ufetubus is moderately wounded.
The ufetubus closely misses you. The ufetubus barely misses you.
You miss the ufetubus.
The ufetubus is moderately wounded.
The ufetubus completely misses you. The ufetubus closely misses you.
The ufetubus hits you but does no damage.
The ufetubus closely misses you.
You hit the ufetubus.
The ufetubus is severely wounded.
The ufetubus closely misses you. The ufetubus hits you.
You die...

#.#
#.#####.......K....
#(#
#.......##.#.#....(
#.# #######.#......
### #.# #.#........
#.# #.#.######## #.#
#.#. #.# #.##
##.###############.###
#..............@5....#
######################


You could see an ufetubus.

Vanquished Creatures
  3 giant cockroaches
  A hobgoblin (D:3)
  2 ball pythons
  A bat (D:2)
7 creatures vanquished.

Notes
Turn   | Place    | Note
-------+----------+-------------------------------------------
     0 | D:1      | rjrrt the Spriggan Brigand began the quest for the Orb.
     0 | D:1      | Reached XP level 1. HP: 10/10 MP: 2/2
    41 | D:2      | Reached skill level 6 in Stealth
   140 | D:3      | Found a hide-covered altar of Uskayaw.
   149 | D:3      | Became a worshipper of Uskayaw the Reveller
   165 | D:3      | Reached * piety under Uskayaw
   196 | D:3      | Noticed a water moccasin
   305 | D:3      | Slain by an ufetubus

Illustrated notes

Levels and vault maps discovered:
D:1:      dpeg_arrival_tiny_j, layout_basic
D:2:      layout_basic, serial_shops,
          nicolae_shop_temple_entry_statues_fountains
D:3:      layout_basic, eat_drink_and_be_merry_uskayaw, mrwooster_statue_mirror,
          kennysheep_generic_room_3, uniq_terence

Skill      XL: |  1 |
---------------+----+-----
Stealth        | 6 |  6.3
Fighting       | |  1.5
Short Blades   | |  2.1
Throwing       | |  2.1
Dodging        | |  1.7

Action                   || total
-------------------------++-------
Melee: Dagger            ||    33
 Stab: Sleeping          ||     3
Armor: Robe              ||     9
Dodge: Dodged            ||    32
